 Dungeon Crawl Stone Soup version 0.27-a0-951-gae3e1deef5 (webtiles) character file.

Game seed: 12380037889475337911

162 Mesmaeker13 the Grave Robber (level 5, -3/36 HPs)
             Began as a Mummy Necromancer on Apr 11, 2021.
             Was an Initiate of Ru.
             Slain by Menkaure (18 damage)
             ... on level 4 of the Dungeon.
             The game lasted 00:07:49 (5025 turns).

Mesmaeker13 the Grave Robber (Mummy Necromancer)    Turns: 5025, Time: 00:07:49

Health: -3/36      AC:  3    Str: 11    XL:     5   Next: 19%
Magic:  11/11      EV: 12    Int: 16    God:    Ru [......]
Gold:   210        SH:  0    Dex: 12    Spells: 4/12 levels left

rFire    x . .     SeeInvis .   b - +1 short sword
rCold    + . .     Faith    .   (no shield)
rNeg     + + +     Spirit   .   k - +0 leather armour
rPois    ∞         Reflect  .   (no helmet)
rElec    .         Harm     .   (no cloak)
rCorr    .         Rampage  .   (no gloves)
Will     .....                  (no boots)
Stlth    +.........             (no amulet)
HPRegen  0.12/turn              h - ring of wizardry
MPRegen  0.12/turn              (no ring)

@: no status effects
A: cold resistance 1, negative energy resistance 3, torment resistance 2,
unbreathing 1, heat vulnerability 1, no potions
a: Renounce Religion


You were on level 4 of the Dungeon.
You worshipped Ru.
Ru was noncommittal.
You visited 1 branch of the dungeon, and saw 4 of its levels.

You collected 210 gold pieces.

Inventory:

Hand Weapons
 b - a +1 short sword (weapon)
 n - a +0 spear
 o - a +1 dagger of protection
Missiles
 c - 16 poisoned darts
Armour
 k - a +0 leather armour (worn)
 p - a +0 kite shield
Magical Staves
 g - a staff of conjuration
Jewellery
 h - a ring of wizardry (left hand)
Scrolls
 a - 2 scrolls of fog {unknown}
 d - a scroll of enchant weapon
 e - a scroll of silence {unknown}
 f - 2 scrolls of identify {unknown}
 i - a scroll of magic mapping {unknown}
 j - a scroll of teleportation {unknown}
 l - a scroll of noise {unknown}
 m - a scroll of fear {unknown}
 q - a scroll of vulnerability {unknown}


   Skills:
 + Level 0.9 Fighting
 + Level 2.8 Dodging
 - Level 1.5 Stealth
 + Level 4.3 Spellcasting
 + Level 4.9 Necromancy


You had 4 spell levels left.
You knew the following spells:

 Your Spells              Type           Power      Damage    Failure   Level
a - Pain                  Necr           76%        1d7       1%          1
b - Vampiric Draining     Necr           9%         2d7       3%          3
c - Animate Dead          Necr           9%         N/A       12%         4

Your spell library contained the following spells:

 Spells                   Type           Power      Damage    Failure   Level
 Animate Skeleton         Necr           38%        N/A       1%          1
 Agony                    Necr           19%        N/A       30%         5


Dungeon Overview and Level Annotations

Branches:
Dungeon (4/15)
 Temple: D:4-7

Altars:
Ashenzari
Ru
Sif Muna
Trog

Shops:
D:3 [

Annotations:
D:3 1 exclusion, Edmund
D:4 Menkaure


Innate Abilities, Weirdness & Mutations

You are immune to poison.
Your flesh is cold resistant. (rC+)
You are immune to negative energy. (rN+++)
You are immune to unholy pain and torment.
You can survive without breathing.
You are vulnerable to heat. (rF-)
You do not drink.


Message History

Confirm with . or Enter, or press ? or * to list all spells.
Aiming: Pain (safe; 1% risk of failure)
Press: ? - help, Shift-Dir - straight line, f/p - hobgoblin
Aim: a hobgoblin, wielding a +0 spear and wearing a +1 robe of cold resistance (almost dead, chance to affect: 89%)
The hobgoblin writhes in agony.
You kill the hobgoblin!
You start resting.
Menkaure, Prince of Dust comes into view.
Menkaure is nearby!
There is a stone staircase leading up here.
You climb upwards.
Level annotation: 1 exclusion, Edmund
There is a stone staircase leading down here.
Okay, then.
Okay, then.
You start resting.
Magic restored.
Okay, then.
You climb downwards.
Level annotation: Menkaure
There is a stone staircase leading up here.
Menkaure is nearby!
You aren't carrying any items that you can evoke without wielding.
Unknown command.
Menkaure shouts!
Menkaure mumbles some strange words.
Menkaure seems to speed up.
You hit Menkaure.
Menkaure is lightly damaged.
Menkaure closely misses you. Menkaure hits you but does no damage.
You hit Menkaure.
Menkaure is moderately damaged.
Menkaure hits you!!
Ouch! That really hurt!
You are too injured to fight recklessly!
You hit Menkaure.
Menkaure is moderately damaged.
Menkaure hits you!!
Ouch! That really hurt!
You die...

#.##.#!# #.##.#.#
#########.# .#<#
#.........# .#.#
#.######### .#.# #.#
.#.######
#K##########.#......#
#...........(#.##.#..#
############..@......#
#..M.[....#
#...♣♣...## #.....♣..#
#..♣♣.♣..# #..♣ ....#
#... .. # #..


You could see Menkaure (fast).

Vanquished Creatures
  An orc wizard (D:4)
  4 gnolls
  4 adders
  3 worms
  2 orcs (D:4)
  8 bats
  4 endoplasms
  2 giant cockroaches (D:3)
  2 goblins
  7 hobgoblins
  A quokka (D:3)
  6 ball pythons
  A frilled lizard (D:2)
  6 kobolds
  4 rats
55 creatures vanquished.

Notes
Turn   | Place    | Note
-------+----------+-------------------------------------------
     0 | D:1      | Mesmaeker13 the Mummy Necromancer began the quest for the
                  | Orb.
     0 | D:1      | Reached XP level 1. HP: 13/13 MP: 4/4
   217 | D:1      | Found a faded altar of an unknown god.
   409 | D:1      | Reached XP level 2. HP: 19/19 MP: 3/6
  1431 | D:1      | Reached XP level 3. HP: 9/24 MP: 0/7
  2260 | D:2      | Learned a level 3 spell: Vampiric Draining
  2273 | D:3      | Found a shimmering blue altar of Sif Muna.
  2657 | D:3      | Found a sacrificial altar of Ru.
  2657 | D:3      | Found a bloodstained altar of Trog.
  2662 | D:3      | Became a worshipper of Ru the Awakened
  2808 | D:3      | Found a broken altar of Ashenzari.
  2972 | D:3      | Reached XP level 4. HP: 30/30 MP: 4/9
  3020 | D:3      | Found Etyodept's Armour Emporium.
  3470 | D:3      | Learned a level 4 spell: Animate Dead
  3525 | D:4      | Noticed Edmund
  4072 | D:4      | Reached XP level 5. HP: 36/36 MP: 5/11
  4996 | D:4      | Noticed Menkaure
  5025 | D:4      | Slain by Menkaure

Illustrated notes

Levels and vault maps discovered:
D:1:      minmay_arrival_stone_box, layout_loops_ring, basic_ecumenical_altar,
          st_stairs_5
D:2:      layout_basic, minmay_cut_off
D:3:      layout_loops_ring, jmf_multi_god_temple, cheibrodos_ashenzari_chains,
          led_sif_book, serial_shops, shop
D:4:      layout_basic, kennysheep_okawaru_gauntlet, chequers_garden,
          grunt_decor_fettered, minmay_statues_item, uniq_edmund, uniq_menkaure

Skill      XL: |  1  2  3  4 |
---------------+-------------+-----
Spellcasting   | 3 4 |  4.3
Dodging        | 2 |  2.8
Fighting       | |  0.9
Stealth        | |  1.5
Necromancy     | |  4.9

Action                   |  1- 3 |  4- 6 || total
-------------------------+-------+-------++-------
Melee: Short sword       |       |    13 ||    13
Throw: Dart              |       |     3 ||     3
 Cast: Pain              |    93 |    58 ||   151
       Vampiric Draining |       |     3 ||     3
       Animate Dead      |       |     1 ||     1
  Use: Scroll            |       |     1 ||     1
Armor: Robe              |     5 |       ||     5
       Leather armour    |       |     3 ||     3
Dodge: Dodged            |    13 |    24 ||    37

Table legend: (Time is in decaauts)
 A = Elapsed time spent in this place.
 B = Non-inter-level travel time spent in this place.
 C = Inter-level travel time spent in this place.
 D = Time resting spent in this place.
 E = Time spent auto-exploring this place.
 F = Levels seen in this place.
 G = Mean time per level.
                   A        B        C        D        E       F      G
               +--------+--------+--------+--------+--------+-----+--------+
         Total |   5033 |   4717 |    316 |   1995 |   1939 |   4 | 1258.2 |
       Dungeon |   5033 |   4717 |    316 |   1995 |   1939 |   4 | 1258.2 |
               +--------+--------+--------+--------+--------+-----+--------+

Top non-repeatable levels by time:
     D:3: 1661 daAuts
     D:1: 1378 daAuts
     D:2: 1145 daAuts
     D:4: 848 daAuts
